 Dungeon Crawl Stone Soup version 0.17.0-23-g0de4337 (webtiles) character file.

140 JudasIscariot the Skirmisher (level 5, 0/41 HPs)
             Began as a Demonspawn Fighter on Nov 14, 2015.
             Slain by a sky beast (6 damage)
             ... on level 3 of the Dungeon.
             The game lasted 00:04:37 (1402 turns).

JudasIscariot the Skirmisher (Demonspawn Fighter)   Turns: 1402, Time: 00:04:37

Health: 0/41       AC:  6    Str: 18    XL:     5   Next: 2%
Magic:  5/5        EV:  7    Int:  9    God:
Gold:   99         SH:  9    Dex: 12    Spells: 0 memorised, 4 levels left

rFire  . . .     SeeInvis .     a - +0 war axe
rCold  + + .     Clarity  .     d - +0 scale mail {rC+}
rNeg   . . .     SustAt   .     c - +0 shield
rPois  .         Gourm    .     (helmet restricted)
rElec  .         Spirit   .     (no cloak)
rCorr  .         Warding  .     (no gloves)
rMut   .         Stasis   .     (no boots)
MR     .....                    (no amulet)
Stlth  ..........               (no ring)
                                (no ring)

@: not resistant to hostile enchantments, extremely unstealthy
A: claws 1, horns 1, cold resistance 1
a: no special abilities


You were on level 3 of the Dungeon.
You were not hungry.

You visited 1 branch of the dungeon, and saw 3 of its levels.

You collected 99 gold pieces.

Inventory:

Hand Weapons
 a - a +0 war axe (weapon)
Armour
 b - a +0 scale mail
 c - a +0 shield (worn)
 d - a +0 scale mail of cold resistance (worn)
Scrolls
 g - a scroll of enchant armour {unknown}
 i - 4 scrolls of identify {unknown}
 l - 4 scrolls of remove curse {unknown}
 m - a scroll of blinking {unknown}
 n - a scroll of fog {unknown}
 o - a scroll of teleportation {unknown}
 p - a scroll of noise {unknown}
Potions
 h - a potion of haste {unknown}
 k - a potion of flight {unknown}
Comestibles
 e - 3 bread rations
 f - 14 chunks of flesh


   Skills:
 * Level 3.6 Fighting
 * Level 2.7 Axes
 * Level 3.6 Armour
 * Level 3.5 Shields


You had 4 spell levels left.
You didn't know any spells.

Dungeon Overview and Level Annotations

Branches:
Dungeon (3/15)

Altars:


Innate Abilities, Weirdness & Mutations

You have sharp fingernails.
You have a pair of small horns on your head.
Your flesh is cold resistant.


Message History

Some of the chunks of flesh in your inventory have rotted away.
i - 3 scrolls labeled SUYQUYSMOA (gained 1)
h - a glowing ruby potion
i - 4 scrolls labeled SUYQUYSMOA (gained 1)
A sky beast comes into view.
Found 21 sling bullets and 12 gold pieces.
Your scale mail prevents you from hitting the sky beast.
The sky beast hits you but does no damage.
The sky beast completely misses you.
You completely miss the sky beast. Your headbutt misses the sky beast.
The sky beast flickers out of sight!
Deactivating autopickup; reactivate with Ctrl-A.
Something hits you. Something shocks you.
* * * LOW HITPOINT WARNING * * *
You closely miss something. Something hits you but does no damage.
Something completely misses you.
You closely miss something. Something hits you.
* * * LOW HITPOINT WARNING * * *
Something shocks you.
You die...

.....)(..........).#
##################รท#
#
#######)#############
.. $
.......).............
## ..
...####............##
... ##......########
.... #.......+ .....
#...(...# ##
......##@......+ ..
......'{.......# ##
(.....##.#.....#
..... #.#.....# ....
#.####..# ### #..
...# ... ..# #### ###


There were no monsters in sight!

Vanquished Creatures
  An orc priest (D:3)
  Terence (D:2)
  2 adders (D:3)
  2 giant geckos
  8 orcs (D:3)
  5 bats
  A giant cockroach (D:1)
  4 hobgoblins
  3 jackals (D:1)
  A quokka (D:2)
  5 giant newts
  10 goblins
  4 kobolds
  8 rats
55 creatures vanquished.

Vanquished Creatures (others)
  A hobgoblin (D:3)
1 creature vanquished.

Grand Total: 56 creatures vanquished

Notes
Turn   | Place    | Note
--------------------------------------------------------------
     0 | D:1      | JudasIscariot the Demonspawn Fighter began the quest for the Orb.
     0 | D:1      | Reached XP level 1. HP: 18/18 MP: 1/1
   124 | D:1      | Gained mutation: Your flesh is cold resistant. [demonic ancestry]
   124 | D:1      | Reached XP level 2. HP: 16/24 MP: 2/2
   857 | D:2      | Gained mutation: You have sharp fingernails. [demonic ancestry]
   857 | D:2      | Reached XP level 3. HP: 29/29 MP: 3/3
   899 | D:2      | Noticed Terence
   908 | D:2      | Killed Terence
  1148 | D:2      | You fall through a shaft!
  1154 | D:3      | Reached XP level 4. HP: 35/35 MP: 4/4
  1343 | D:3      | Gained mutation: You have a pair of small horns on your head. [demonic ancestry]
  1343 | D:3      | Reached XP level 5. HP: 14/41 MP: 5/5
  1392 | D:3      | Noticed a sky beast
  1402 | D:3      | Slain by a sky beast

Action                   |  1- 3 |  4- 6 || total
-------------------------+-------+-------++-------
Melee: War axe           |   112 |    64 ||   176
  Use: Potion            |     1 |     3 ||     4
  Eat: Chunk             |     1 |     1 ||     2
